Map: Oxide LE

Players

Strange

  • Race: Protoss Protoss

BattleB - Winner!

  • Race: Terran Terran

Event: DreamHack SC2 Masters 2021 Winter

VOD

Have the link to the VOD?

Description

Time

  • Played on: Oct. 5, 2021, 1:04 p.m.
  • Length: 8:37

All games in this series

Show
View Real Time Build Order
Export as new Build Order

Strange Protoss 

Build Orders: 1 Gate Expand, Zealot Archon, Archon Drop, Dark Templar Rush 

Get SALT Encoding   

  12  0:00  Probe  
  13  0:12  Probe  
  14  0:17  Pylon  
  14  0:24  Probe (Chrono Boost)  
  16  0:36  Probe (Chrono Boost)  
  16  0:37  Gateway  
  16  0:43  Probe (Chrono Boost)  
  16  0:46  Assimilator  
  17  0:51  Probe  
  18  1:03  Probe  
  19  1:15  Probe  
  20  1:25  Cybernetics Core  
  20  1:32  Nexus  
  20  1:41  Pylon  
  20  1:43  Probe  
  21  1:48  Assimilator  
  21  1:55  Probe  
  21  1:58  Adept (Chrono Boost)  
  24  2:02  Warp Gate  
  24  2:07  Probe  
  25  2:17  Twilight Council  
  25  2:20  Probe (Chrono Boost)  
  28  2:33  Probe (Chrono Boost)  
  28  2:36  Robotics Facility  
  27  2:38  Probe (Chrono Boost)  
  28  2:44  Probe (Chrono Boost)  
  30  2:53  Probe x2 (Chrono Boost)  
  31  2:58  Probe (Chrono Boost)  
  31  3:00  Probe  
  31  3:03  Dark Shrine  
  33  3:12  Gateway  
  33  3:14  Gateway  
  33  3:17  Shield Battery  
  33  3:24  Warp Prism (Chrono Boost)  
  33  3:30  Probe  
  33  3:31  Probe  
  37  3:43  Probe (Chrono Boost)  
  37  3:44  Probe (Chrono Boost)  
  37  3:45  Assimilator  
  39  3:49  Assimilator  
  39  3:50  Pylon  
  41  3:55  Probe (Chrono Boost)  
  41  3:58  Pylon  
  41  4:00  Probe (Chrono Boost)  
  42  4:02  Probe (Chrono Boost)  
  42  4:07  Probe  
  43  4:10  Probe  
  43  4:16  Dark Templar x3  
  50  4:23  Probe  
  50  4:24  Probe  
  48  4:36  Probe  
  43  4:41  Probe  
  42  4:47  Dark Templar  
  42  4:48  Probe  
  44  4:53  Probe (Chrono Boost)  
  44  4:56  Dark Templar  
  46  5:04  Probe (Chrono Boost)  
  46  5:05  Probe (Chrono Boost)  
  43  5:10  Stalker  
  43  5:13  Probe (Chrono Boost)  
  47  5:15  Probe (Chrono Boost)  
  47  5:19  Probe  
  48  5:24  Probe  
  48  5:27  Pylon  
  49  5:31  Probe, Dark Templar x2  
  54  5:43  Archon  
  54  5:45  Probe, Pylon  
  54  5:47  Robotics Bay, Shield Battery  
  55  5:52  Archon  
  55  5:55  Probe  
  56  5:57  Probe  
  56  6:03  Nexus  
  57  6:04  Charge (Chrono Boost)  
  57  6:08  Probe  
  57  6:09  Probe  
  57  6:11  Sentry  
  61  6:17  Pylon  
  61  6:18  Pylon  
  61  6:32  Colossus (Chrono Boost)  
  61  6:35  Gateway  
  67  6:40  Zealot, Sentry  
  67  6:43  Probe, Shield Battery  
  72  6:48  Probe  
  72  6:52  Extended Thermal Lance  
  73  6:55  Probe  
  74  7:01  Probe  
  74  7:07  Probe  
  76  7:11  Gateway x2  
  77  7:18  Colossus (Chrono Boost)  
  77  7:22  Probe x2  
  84  7:27  Probe  
  85  7:33  Pylon  
  85  7:34  Probe x2  
  85  7:35  Zealot x2, Sentry  
  93  7:39  Probe  
  93  7:43  Pylon  
  94  7:46  Probe x2  
  94  7:50  Zealot  
  98  7:52  Probe  
  98  7:58  Probe  
  97  8:07  Zealot x5  
  95  8:21  Zealot  
  74  8:30  Dark Templar x2  
  74  8:31  Zealot x3  
Show
View Real Time Build Order
Export as new Build Order

BattleB Terran - Winner!

Build Orders:  

Get SALT Encoding   

  12  0:00  SCV  
  13  0:12  SCV  
  14  0:16  Supply Depot  
  14  0:24  SCV  
  15  0:38  SCV  
  15  0:40  Barracks  
  16  0:43  Refinery  
  16  0:50  SCV  
  17  1:02  SCV  
  18  1:14  SCV  
  19  1:27  Marine, Orbital Command  
  20  1:41  Command Center  
  20  1:50  Factory  
  20  1:54  SCV  
  21  2:02  Barracks Reactor  
  21  2:06  SCV  
  21  2:07  Supply Depot  
  22  2:13  Refinery  
  22  2:18  SCV  
  23  2:30  SCV  
  23  2:34  Hellion  
  26  2:39  Starport, Marine x2  
  26  2:42  SCV  
  29  2:53  Orbital Command  
  29  2:54  SCV  
  29  2:56  Widow Mine  
  32  2:58  Marine  
  32  3:00  Marine  
  34  3:07  SCV  
  35  3:16  Medivac  
  35  3:17  Factory Tech Lab  
  37  3:20  SCV  
  37  3:21  SCV  
  37  3:24  Supply Depot, Marine  
  37  3:26  Marine  
  41  3:32  SCV  
  41  3:33  SCV  
  43  3:42  Marine  
  43  3:44  Marine  
  43  3:45  SCV x2  
  43  3:46  Factory Tech Lab  
  47  3:48  Supply Depot  
  47  3:54  Barracks  
  47  3:55  Raven  
  49  3:57  SCV x2  
  49  4:01  Marine  
  49  4:02  Marine  
  53  4:11  SCV x2  
  53  4:12  Supply Depot  
  53  4:13  Bunker  
  53  4:14  Siege Tank  
  58  4:20  Engineering Bay  
  58  4:24  Marine x2  
  59  4:27  SCV x2  
  56  4:39  SCV x2  
  56  4:41  Marine  
  56  4:42  Marine  
  56  4:50  Marine  
  56  4:51  SCV x2  
  55  5:03  SCV x2, Siege Tank  
  57  5:09  Marine x2  
  57  5:11  Viking  
  60  5:15  SCV x2  
  60  5:16  Marauder  
  64  5:24  Refinery  
  64  5:27  SCV x2, Marine x2  
  68  5:33  Barracks  
  68  5:35  Stimpack  
  68  5:37  Marine  
  68  5:39  SCV  
  68  5:40  SCV  
  69  5:46  Marine  
  70  5:55  Supply Depot  
  70  5:58  Refinery, Factory Reactor  
  70  6:04  Supply Depot  
  70  6:05  Supply Depot  
  70  6:10  Terran Infantry Weapons Level 1  
  70  6:11  Marauder, SCV x2, Marine  
  75  6:17  Starport Reactor, Marine  
  76  6:23  SCV x2  
  76  6:34  Marine  
  76  6:35  Marauder, SCV x2, Marine  
  76  6:37  Widow Mine x2  
  86  6:40  Combat Shield  
  86  6:41  Marauder  
  88  6:47  SCV x2  
  88  6:52  Marine  
  88  6:53  Supply Depot, Marine  
  92  6:55  Medivac x2  
  92  6:58  Supply Depot  
  96  7:01  SCV x2  
  96  7:05  Widow Mine  
  100  7:11  Marauder  
  100  7:14  Marine x2  
  100  7:15  Marauder  
  106  7:20  Supply Depot  
  106  7:21  Widow Mine  
  106  7:22  Supply Depot, Concussive Shells  
  108  7:26  Widow Mine, Medivac  
  108  7:29  Medivac  
  114  7:36  Marine x2  
  116  7:37  Marauder  
  116  7:41  Marauder  
  116  7:43  Supply Depot  
  120  7:55  Widow Mine x2  
  124  7:59  Marine x2  
  124  8:04  Marauder x2  
  132  8:14  SCV x2  

Tags
 
Add a new tag
Caveats
  • Supply blocks, unpowered buildings, or Contaminate may cause inaccurate times.
  • Supply counts are checked every 10 seconds.